 Dungeon Crawl Stone Soup version 0.21-a0-531-gacddea6 (webtiles) character file.

268 slep the Chopper (level 6, -1/46 HPs)
             Began as a Demonspawn Gladiator on Dec 13, 2017.
             Slain by a sky beast (4 damage)
             ... on level 3 of the Dungeon.
             The game lasted 00:08:42 (1583 turns).

slep the Chopper (Demonspawn Gladiator)             Turns: 1583, Time: 00:08:44

Health: -1/46      AC:  8    Str: 15    XL:     6   Next: 1%
Magic:  0/6        EV: 13    Int:  9    God:
Gold:   42         SH:  0    Dex: 16    Spells: 5/5 levels left

rFire    . . .     SeeInvis .   a - +0 war axe
rCold    + . .     Gourm    .   (no shield)
rNeg     . . .     Faith    .   h - +2 ring mail {rC+}
rPois    .         Spirit   +   c - +0 helmet
rElec    .         Reflect  .   p - scarf {Spirit}
rCorr    .         Harm     .   (no gloves)
MR       .....                  (no boots)
Stlth    ..........             (no amulet)
HPRegen  0.15/turn              e - ring of loudness (curse)
MPRegen  0.10/turn              (no ring)

@: no status effects
A: claws 1, foul stench 1, rot immunity, sturdy frame 1
a: no special abilities


You were on level 3 of the Dungeon.
You were not hungry.

You visited 1 branch of the dungeon, and saw 3 of its levels.

You collected 42 gold pieces.

Inventory:

Hand Weapons
 a - a +0 war axe (weapon)
 s - a +1 scythe of flaming
Missiles
 d - 3 throwing nets (quivered)
 q - 7 javelins
Armour
 b - a +0 leather armour
 c - a +0 helmet (worn)
 h - a +2 ring mail of cold resistance (worn)
 p - a scarf of spirit shield (worn)
Jewellery
 e - a cursed ring of loudness (left claw)
Scrolls
 i - 2 scrolls of random uselessness {unknown}
 j - a scroll of remove curse
 k - 4 scrolls of identify {unknown}
 o - a scroll of immolation {unknown}
Potions
 g - a potion of flight
 l - a potion of agility {unknown}
 m - 4 potions of curing {unknown}
Comestibles
 f - a bread ration
 n - a meat ration


   Skills:
 + Level 2.7 Fighting
 + Level 5.0 Axes
 + Level 1.9 Throwing
 + Level 1.2 Armour
 + Level 3.4 Dodging
 + Level 0.8 Stealth


You had 5 spell levels left.
You didn't know any spells.

Dungeon Overview and Level Annotations

Branches:
Dungeon (3/15)

Altars:
Cheibriados
Xom

Annotations:
D:3 FlobFlarker's ghost, amateur GnTm


Innate Abilities, Weirdness & Mutations

You have sharp fingernails.
You may emit foul miasma when damaged in melee.
You are immune to rotting.
Your movements are slightly less encumbered by armour. (ER -2)


Message History

The sky beast is heavily wounded.
The sky beast hits you but does no damage.
You hit the sky beast but do no damage.
The sky beast is heavily wounded.
The sky beast misses you. The sky beast hits you. The sky beast shocks you.
* * * LOW HITPOINT WARNING * * *
You slash the sky beast!
The sky beast is severely wounded.
The sky beast hits you.
* * * LOW HITPOINT WARNING * * *
The sky beast shocks you.
* * * LOW HITPOINT WARNING * * *
You hit the sky beast.
The sky beast is almost dead.
The sky beast flickers out of sight!
Deactivating autopickup; reactivate with Ctrl-A.
Something hits you.
* * * LOW HITPOINT WARNING * * *
Something shocks you.
You die...

#.###....##
####......#
############.......#
#.........>.........
#.###########.##.#.#
#.# #.##.#.# #.#
#.##.#.# #.#######
#.##.#.# #..@{..%#
#.##.#.# #...†...#
#.#..#.# #.......#
#.#.##.# #.......#
#.# #.# #.......#
#.# #......... #
#####...... # ......
# #


There were no monsters in sight!

Vanquished Creatures
  Sigmund (D:3)
  Terence (D:2)
  4 adders (D:2)
  A dart slug (D:2)
  An orc (D:2)
  2 ball pythons
  6 giant cockroaches
  5 goblins
  11 hobgoblins
  2 quokkas
  5 bats
  3 frilled lizards
  2 kobolds (D:3)
  4 rats
48 creatures vanquished.

Notes
Turn   | Place    | Note
-------+----------+-------------------------------------------
     0 | D:1      | slep the Demonspawn Gladiator began the quest for the Orb.
     0 | D:1      | Reached XP level 1. HP: 16/16 MP: 1/1
   252 | D:1      | Gained mutation: You are immune to rotting. [demonic ancestry]
   252 | D:1      | Reached XP level 2. HP: 22/22 MP: 2/2
   360 | D:1      | Reached skill level 3 in Axes
   706 | D:2      | Noticed Terence
   725 | D:2      | Gained mutation: Your movements are slightly less encumbered by armour. (ER -2) [demonic ancestry]
   725 | D:2      | Reached XP level 3. HP: 19/28 MP: 3/3
   731 | D:2      | Killed Terence
   782 | D:2      | Gained mutation: You have sharp fingernails. [demonic ancestry]
   782 | D:2      | Reached XP level 4. HP: 25/34 MP: 4/4
  1227 | D:3      | Reached skill level 4 in Axes
  1304 | D:3      | Noticed Sigmund
  1307 | D:3      | Noticed FlobFlarker's ghost (amateur GnTm)
  1321 | D:3      | Killed Sigmund
  1321 | D:3      | Reached skill level 5 in Axes
  1321 | D:3      | Reached skill level 1 in Armour
  1321 | D:3      | Gained mutation: You may emit foul miasma when damaged in melee. [demonic ancestry]
  1321 | D:3      | Reached XP level 5. HP: 18/39 MP: 2/5
  1321 | D:3      | Reached XP level 6. HP: 22/46 MP: 2/6
  1536 | D:3      | Found a shimmering altar of Xom.
  1537 | D:3      | Found a snail-covered altar of Cheibriados.
  1561 | D:3      | Noticed a sky beast
  1583 | D:3      | Slain by a sky beast

Vault maps used:
D:1:      lemuel_arrival_lava_pool, serial_forest,
          infiniplex_forest_clump_cross, infiniplex_forest_clump_diagonal,
          infiniplex_forest_clump_small, infiniplex_forest_lined_room_2,
          infiniplex_forest_zigzag_2
D:2:      uniq_terence
D:3:      minmay_door_path, gammafunk_temple_overflow_statue, uniq_sigmund

Skill      XL: |  1  2  3  4 |
---------------+-------------+-----
Dodging        | 3 |  3.4
Axes           | 3 5 |  5.0
Armour         | 1 |  1.2
Fighting       | |  2.7
Throwing       | |  1.9
Stealth        | |  0.8

Action                   |  1- 3 |  4- 6 || total
-------------------------+-------+-------++-------
Melee: War axe           |    34 |   111 ||   145
  Use: Scroll            |     3 |       ||     3
       Potion            |     2 |       ||     2
 Stab: Sleeping          |     1 |       ||     1
  Eat: Chunk             |       |     2 ||     2
Armor: Leather armour    |     8 |       ||     8
       Ring mail         |       |    57 ||    57
Dodge: Dodged            |    29 |    85 ||   114

Table legend:
 A = Spawn XP
 B = Non-spawn XP
 C = Spawn XP percentage of total XP
 D = Spawn monster count
 E = Non-spawn monster count
 F = Spawn count percentage of total count
 G = Total turns spent on level
                    A         B        C        D         E        F      G
               +---------+---------+-------+---------+---------+-------+---------
         Total |       0 |     384 |   0.0 |       0 |      48 |   0.0 |  1583
               +---------+---------+-------+---------+---------+-------+---------
           D:1 |       0 |      19 |   0.0 |       0 |      11 |   0.0 |   706
           D:2 |       0 |     122 |   0.0 |       0 |      24 |   0.0 |   440
           D:3 |       0 |     243 |   0.0 |       0 |      13 |   0.0 |   437
               +---------+---------+-------+---------+---------+-------+---------
